 Dungeon Crawl Stone Soup version 0.20.1-1-g8b1a95d (webtiles) character file.

252 letownia2 the Grave Robber (level 5, -2/42 HPs)
             Began as a Deep Dwarf Necromancer on Nov 7, 2017.
             Slain by a shadow imp (4 damage)
             ... on level 6 of the Dungeon.
             The game lasted 00:04:14 (1608 turns).

letownia2 the Grave Robber (Deep Dwarf Necromancer) Turns: 1608, Time: 00:04:14

Health: -2/42      AC:  3    Str: 12    XL:     5   Next: 89%
Magic:  9/9        EV: 12    Int: 16    God:
Gold:   56         SH:  0    Dex: 13    Spells: 6/10 levels left

rFire    . . .     SeeInvis .   a - +0 short sword
rCold    . . .     Gourm    .   (no shield)
rNeg     . . .     Faith    .   g - +0 robe
rPois    .         Spirit   .   (no helmet)
rElec    .         Reflect  .   e - +0 cloak
rCorr    .         Harm     .   (no gloves)
MR       .....                  (no boots)
Stlth    ++........             (no amulet)
Regen    0.0/turn               (no ring)
MPRegen  0.2/turn               (no ring)

@: non-regenerating
A: damage resistance, heal wounds, sense surroundings 1, no regeneration
a: Heal Wounds


You were on level 6 of the Dungeon.
You were not hungry.

You visited 1 branch of the dungeon, and saw 6 of its levels.

You collected 56 gold pieces.

Inventory:

Hand Weapons
 a - a +0 short sword (weapon)
 l - a +2 hunting sling of velocity
 n - a +0 mace
Armour
 e - a +0 cloak (worn)
 g - a +0 robe (worn)
Scrolls
 f - a scroll of remove curse {unknown}
 i - 2 scrolls of identify {unknown}
 j - a scroll of teleportation {unknown}
 o - a scroll of fog {unknown}
Potions
 h - a potion of heal wounds {unknown}
 k - a potion of might {unknown}
Books
 b - a book of Necromancy

   Spells                             Type                      Level
   a - Pain                           Necromancy                   1
   b - Animate Skeleton               Necromancy                   1
   c - Vampiric Draining              Necromancy                   3
   d - Regeneration                   Charms/Necromancy            3
   e - Animate Dead                   Necromancy                   4
   f - Control Undead                 Necromancy                   4
Comestibles
 c - 2 bread rations
 d - a meat ration
 p - 2 chunks of flesh


   Skills:
 - Level 2.1 Dodging
 - Level 2.4 Stealth
 - Level 3.0 Spellcasting
 + Level 7.1 Necromancy


You had 6 spell levels left.
You knew the following spells:

 Your Spells              Type           Power        Failure   Level  Hunger
a - Pain                  Necr           ####         1%          1    #......
v - Vampiric Draining     Necr           ####......   3%          3    ###....


Dungeon Overview and Level Annotations

Branches:
Dungeon (7/15)             Temple (0/1) D:6

Altars:
Hepliaklqana
Xom
The Shining One

Annotations:
D:4 exclusion: ogre


Innate Abilities, Weirdness & Mutations

You are resistant to damage.
You can heal yourself by infusing magical energy.
You passively map a small area around you.
You do not regenerate.


Message History

You closely miss the shadow imp.
The shadow imp is almost dead.
The shadow imp gestures at you.
You struggle to resist.
You barely miss the shadow imp.
The shadow imp is almost dead.
The shadow imp closely misses you.
You closely miss the shadow imp.
The shadow imp is almost dead.
The shadow imp closely misses you.
You barely miss the shadow imp.
The shadow imp is almost dead.
The shadow imp shouts, "Get thee hence, thou mewling boil-brained mule!"
The shadow imp hits you.
* * * LOW HITPOINT WARNING * * *
The shadow imp completely misses you.
You completely miss the shadow imp.
The shadow imp is almost dead.
The shadow imp hits you.
You die...

#......#...# ,
#......#...# , , , ,
##....###..# ,
#########..######## ,
.#......#.........#, ,,
.#......#.........# ,
,,* .#......#.........#
, * .#......#.........#
, ,, .#......'.......@.#
, , ##+#######'######5#.
, .................... +
....................(. ,
,
......................(.
.......................(
>
........................
*
............###########.
, ............# , , ,


You could see a shadow imp.

Vanquished Creatures
  A bullfrog (D:6)
  A scorpion (D:4)
  A hound (D:3)
  2 worker ants (D:4)
  3 adders
  An adder skeleton (D:4)
  3 dart slugs
  2 leopard geckos
  2 orcs (D:4)
  A giant cockroach (D:3)
  3 goblins
  A hobgoblin (D:3)
  A quokka (D:6)
  A bat (D:1)
  A frilled lizard (D:1)
  A kobold (D:1)
  3 rats
28 creatures vanquished.

Notes
Turn   | Place    | Note
-------+----------+-------------------------------------------
     0 | D:1      | letownia2 the Deep Dwarf Necromancer began the quest for the Orb.
     0 | D:1      | Reached XP level 1. HP: 15/15 MP: 3/3
   211 | D:1      | Reached XP level 2. HP: 22/22 MP: 3/5
   247 | D:2      | Found a shimmering altar of Xom.
   360 | D:2      | You fall through a shaft!
   428 | D:3      | Reached skill level 5 in Necromancy
   428 | D:3      | Reached XP level 3. HP: 25/28 MP: 0/7
   433 | D:3      | Learned a level 3 spell: Vampiric Draining
   534 | D:4      | Noticed an ogre
   564 | D:4      | Found a glowing golden altar of the Shining One.
   834 | D:4      | Reached XP level 4. HP: 28/36 MP: 0/8
   953 | D:4      | Noticed an ogre
  1103 | D:4      | Reached skill level 6 in Necromancy
  1103 | D:4      | Reached XP level 5. HP: 37/42 MP: 0/9
  1360 | D:4      | You fall through a shaft for 3 floors!
  1360 | D:7      | Found a hazy altar of Hepliaklqana.
  1452 | D:6      | Reached skill level 7 in Necromancy
  1607 | D:6      | HP: 2/42 [shadow imp (2)]
  1608 | D:6      | Slain by a shadow imp

Skill      XL: |  1  2  3  4  5 |
---------------+----------------+-----
Spellcasting   | 2 3 |  3.0
Necromancy     | 5 6 7 |  7.1
Dodging        | |  2.1
Stealth        | |  2.4

Action                   |  1- 3 |  4- 6 || total
-------------------------+-------+-------++-------
Melee: Unarmed           |     6 |       ||     6
       Short sword       |     5 |    31 ||    36
Throw: Tomahawk          |       |     4 ||     4
 Cast: Pain              |    32 |    25 ||    57
       Vampiric Draining |     2 |     6 ||     8
 Stab: Sleeping          |     1 |       ||     1
  Eat: Chunk             |       |     3 ||     3
Armor: Robe              |     8 |    11 ||    19
Dodge: Dodged            |    23 |    21 ||    44
